 Dungeon Crawl Stone Soup version 0.28-a0-872-g80cf8599ee (webtiles) character file.

Game seed: 11828031435114524594

373 orbtoucher the Stinger (level 6, 0/38 HPs)
             Began as an Octopode Venom Mage on Nov 20, 2021.
             Was an Initiate of Nemelex Xobeh.
             Slain by Ijyb (2 damage)
             ... on level 4 of the Dungeon.
             The game lasted 00:17:40 (5941 turns).

orbtoucher the Stinger (Octopode Venom Mage)        Turns: 5941, Time: 00:17:41

Health: 0/38       AC:  1    Str:  8    XL:     6   Next: 72%
Magic:  5/10       EV: 13    Int: 19    God:    Nemelex Xobeh [......]
Gold:   101        SH:  0    Dex: 12    Spells: 4/11 levels left

rFire   . . .      SeeInvis .   a - +0 short sword (venom)
rCold   . . .      Faith    .   (no shield)
rNeg    . . .      Spirit   .   (helmet restricted)
rPois   .          Reflect  .   (no amulet)
rElec   .          Harm     .   q - +4 ring of protection
rCorr   .          Rampage  .   (no ring)
Will    .....                   (no ring)
Stlth   +++.......              (no ring)
HPRegen 0.12/turn               (no ring)
MPRegen 0.12/turn               (no ring)
                                (no ring)
                                (no ring)

@: corroded, very slightly contaminated
A: almost no armour, amphibious, 8 rings, camouflage 1, gelatinous body 1,
(nimble swimmer 1), tentacles
a: Renounce Religion, Draw Escape, Draw Destruction, Draw Summoning


You were on level 4 of the Dungeon.
You worshipped Nemelex Xobeh.
Nemelex Xobeh was noncommittal.
You visited 2 branches of the dungeon, and saw 5 of its levels.

You collected 101 gold pieces.

Inventory:

Hand Weapons
 a - a +0 short sword of venom (weapon)
 m - a +0 dagger
Missiles
 c - 2 javelins (quivered)
 e - 32 stones
Jewellery
 l - a ring of fire
 q - a +4 ring of protection (left tentacle)
Scrolls
 b - a scroll of fear
 i - a scroll of blinking {unknown}
 k - a scroll of enchant weapon {unknown}
 n - a scroll of amnesia {unknown}
 o - a scroll of summoning {unknown}
 s - a scroll of acquirement {unknown}
 u - a scroll of vulnerability {unknown}
Potions
 j - a potion of ambrosia {unknown}
 p - 3 potions of haste {unknown}
 r - 2 potions of degeneration {unknown}
 t - a potion of brilliance {unknown}


   Skills:
 - Level 1.1 Fighting
 - Level 1.2 Short Blades
 - Level 2.4 Dodging
 - Level 3.3 Stealth
 + Level 3.1 Spellcasting
 + Level 1.7 Conjurations
 - Level 1.0 Necromancy
 - Level 1.0 Transmutations
 + Level 1.9 Air Magic
 * Level 5.9 Poison Magic


You had 4 spell levels left.
You knew the following spells:

 Your Spells              Type           Power      Damage    Failure   Level
a - Sting                 Tmut/Pois      64%        1d6       3%          1
c - Mephitic Cloud        Conj/Pois/Air  15%        N/A       12%         3
k - Animate Skeleton      Necr           12%        N/A       10%         1
v - Poisonous Vapours     Pois/Air       36%        N/A       4%          2

Your spell library contained the following spells:

 Spells                   Type           Power      Damage    Failure   Level
 Pain                     Necr           24%        1d5       10%         1
 Olgreb's Toxic Radiance  Pois           25%        N/A       13%         4
 Slow                     Hex            8%         N/A       16%         1
 Vampiric Draining        Necr           6%         2d6       28%         3
 Confusing Touch          Hex            2%         N/A       41%         3
 Yara's Violent Unravell  Hex/Tmut       2%         3d3       98%         5


Dungeon Overview and Level Annotations

Branches:
Dungeon (4/15)             Temple (1/1) D:4

Altars:
Ashenzari
Cheibriados
Fedhas
Gozag
Hepliaklqana
Kikubaaqudgha
Makhleb
Nemelex Xobeh
Okawaru
Qazlal
Vehumet
Xom
The Shining One

Annotations:
D:4 Ijyb


Innate Abilities, Weirdness & Mutations

You cannot wear most types of armour.
You are amphibious.
You can wear up to eight rings at the same time.
Your skin changes colour to match your surroundings (Stealth+).
Your rubbery body absorbs attacks. (AC +1, EV +1)
((You are camouflaged near water. (Stealth+)))
You have tentacles for arms and can constrict up to eight enemies at once.


Message History

You miscast Poisonous Vapours.
You are very lightly contaminated with residual magic.
Nothing appears to happen.
Casting: Poisonous Vapours (safe; 4% risk of failure)
Confirm with . or Enter, or press ? or * to list all spells.
Aiming: Poisonous Vapours (safe; 4% risk of failure)
Press: ? - help, Dir - move target, f/p - Ijyb
Aim: Ijyb, wielding a +0 club, wearing a +4 scale mail of cold resistance and carrying a wand of acid (6) Poisonous vapours surround Ijyb!
Ijyb is poisoned.
Casting: Poisonous Vapours (safe; 4% risk of failure)
Confirm with . or Enter, or press ? or * to list all spells.
Aiming: Poisonous Vapours (safe; 4% risk of failure)
Press: ? - help, Dir - move target, f/p - Ijyb
Aim: Ijyb, wielding a +0 club, wearing a +4 scale mail of cold resistance and carrying a wand of acid (6) (very poisoned)
You miscast Poisonous Vapours.
Nothing appears to happen.
Ijyb zaps a wand.
The bolt of acid hits you!!
Ouch! That really hurt!
* * * LOW HITPOINT WARNING * * *
The acid corrodes you! Ijyb closely misses you.
You hit Ijyb but do no damage.
Ijyb looks as sick as possible!
Your grab misses Ijyb.
Ijyb drinks a potion.
Ijyb is healed!
Ijyb looks more healthy.
You hit Ijyb but do no damage. Your grab misses Ijyb.
Ijyb hits you with a +0 club.
* * * LOW HITPOINT WARNING * * *
You barely miss Ijyb. You grab Ijyb. You constrict Ijyb, but do no damage.
Ijyb barely misses you.
You hit Ijyb but do no damage.
Ijyb is poisoned.
You squeeze Ijyb, but do no damage. You constrict Ijyb, but do no damage.
Ijyb hits you with a +0 club.
* * * LOW HITPOINT WARNING * * *
You hit Ijyb but do no damage.
Ijyb looks as sick as possible!
Ijyb is lightly wounded.
You constrict Ijyb, but do no damage. Ijyb closely misses you. x2
You hit Ijyb but do no damage.
Ijyb looks as sick as possible!
Ijyb is lightly wounded.
You constrict Ijyb, but do no damage. Ijyb hits you with a +0 club.
You die...
Your body disappears without a glow.

..............#.#.#.#.#.######.
.#..............#.....#......#.
##.#.......#.#...#.########.#.
.....#.#...<.#...#.###### #.#.
. #.....#.#.#....>#......# #.#.
...#.###.....#.#.######.###.#.
###.#.###.###.#.#.# #.....#. .
# #.......#.#.# #######.
#.###...@.#.. #. #. #..#g###.#
#. # #.##..g...# #. #. ######.#
#. #. ####. # #.... #.### #....
#.###


You could see Ijyb (extremely poisoned).

Vanquished Creatures
  A phantom (D:3)
  An orc priest (D:3)
  Terence (D:2)
  Natasha (thrice) (D:2)
  An orc wizard (D:3)
  7 adders
  An adder skeleton (D:4)
  A worm (D:3)
  4 dart slugs
  2 orcs (D:3)
  5 endoplasms
  4 giant cockroaches
  7 goblins
  6 hobgoblins
  3 jackals (D:2)
  4 quokkas
  8 ball pythons
  6 bats
  2 frilled lizards
  A kobold (D:3)
  2 rats (D:2)
70 creatures vanquished.

Vanquished Creatures (collateral kills)
  2 endoplasms (D:2)
  A ball python (D:2)
3 creatures vanquished.

Grand Total: 73 creatures vanquished

Notes
Turn   | Place    | Note
-------+----------+-------------------------------------------
     0 | D:1      | orbtoucher the Octopode Venom Mage began the quest for the
                  | Orb.
     0 | D:1      | Reached XP level 1. HP: 11/11 MP: 3/3
   352 | D:1      | Reached XP level 2. HP: 11/17 MP: 5/5
   477 | D:1      | Learned a level 2 spell: Poisonous Vapours
   477 | D:1      | Found a faded altar of an unknown god.
   517 | D:1      | Reached skill level 4 in Poison Magic
   844 | D:1      | Reached XP level 3. HP: 22/22 MP: 6/6
  1234 | D:2      | Noticed Natasha
  1239 | D:2      | Killed Natasha
  1348 | D:2      | Reached skill level 1 in Short Blades
  1435 | D:2      | Noticed Terence
  1481 | D:2      | Killed Terence
  1482 | D:2      | Reached skill level 1 in Fighting
  1482 | D:2      | Reached XP level 4. HP: 28/28 MP: 2/7
  1695 | D:2      | Learned a level 3 spell: Mephitic Cloud
  1697 | D:2      | Learned a level 1 spell: Animate Skeleton
  2009 | D:2      | Noticed Natasha
  2018 | D:2      | Killed Natasha
  2019 | D:2      | Reached XP level 5. HP: 15/33 MP: 1/8
  3210 | D:2      | Reached skill level 1 in Air Magic
  3210 | D:2      | Reached skill level 5 in Poison Magic
  3236 | D:2      | Found a broken altar of Ashenzari.
  3365 | D:2      | Noticed Natasha
  3371 | D:2      | Killed Natasha
  3372 | D:2      | Reached skill level 1 in Necromancy
  3543 | D:3      | Reached skill level 1 in Conjurations
  4069 | D:3      | Reached XP level 6. HP: 28/38 MP: 7/10
  5136 | D:4      | Found a staircase to the Ecumenical Temple.
  5145 | Temple   | Entered the Ecumenical Temple
  5412 | Temple   | Became a worshipper of Nemelex Xobeh the Trickster
  5929 | D:4      | Noticed Ijyb
  5941 | D:4      | Slain by Ijyb

Illustrated notes

Levels and vault maps discovered:
D:1:      giann_horns, layout_rooms, hellmonk_ecumenical_altar_slurped_away
D:2:      layout_loops_ring, basic_altar, hangedman_decor_clover_reticule,
          minmay_increasing_density, uniq_natasha, uniq_terence
D:3:      layout_basic
D:4:      layout_basic, minmay_temple_entry_glass, uniq_ijyb
Temple:   hc_temple_tempest_star

Skill      XL: |  1  2  3  4  5  6 |
---------------+-------------------+-----
Stealth        | 3 |  3.3
Poison Magic   | 4 5 |  5.9
Short Blades   | 1 |  1.2
Fighting       | 1 |  1.1
Air Magic      | 1 |  1.9
Necromancy     | 1 |  1.0
Conjurations   | 1 |  1.7
Spellcasting   | 3 |  3.1
Dodging        | |  2.4
Transmutations | |  1.0

Action                   |  1- 3 |  4- 6 || total
-------------------------+-------+-------++-------
Melee: Unarmed           |    24 |       ||    24
       Constrict         |    14 |    15 ||    29
       Tentacles         |     6 |    15 ||    21
       Short sword       |    22 |    97 ||   119
Throw: Javelin           |     2 |       ||     2
 Cast: Poisonous Vapours |    17 |    76 ||    93
       Animate Skeleton  |       |    15 ||    15
  Use: Scroll            |       |     5 ||     5
 Stab: Sleeping          |     4 |     5 ||     9
Armor: Skin              |     7 |    14 ||    21
Dodge: Dodged            |    26 |    54 ||    80

Table legend: (Time is in decaauts)
 A = Elapsed time spent in this place.
 B = Non-inter-level travel time spent in this place.
 C = Inter-level travel time spent in this place.
 D = Time resting spent in this place.
 E = Time spent auto-exploring this place.
 F = Levels seen in this place.
 G = Mean time per level.
                   A        B        C        D        E       F      G
               +--------+--------+--------+--------+--------+-----+--------+
         Total |   5951 |   5657 |    294 |   2677 |   1941 |   5 | 1190.2 |
       Dungeon |   5671 |   5388 |    283 |   2666 |   1712 |   4 | 1417.8 |
        Temple |    279 |    268 |     11 |     11 |    229 |   1 |  279.0 |
               +--------+--------+--------+--------+--------+-----+--------+

Top non-repeatable levels by time:
     D:2: 2223 daAuts
     D:3: 1675 daAuts
     D:1: 1266 daAuts
     D:4: 506 daAuts
  Temple: 279 daAuts
